 Dungeon Crawl Stone Soup version 0.31-a0-255-g9c3d1c461a (webtiles) character file.

Game seed: 15092433959126629330

551 qw the Shooter (level 7, -3/59 HPs)
             Began as a Minotaur Hexslinger on July 12, 2023.
             Slain by Edmund
             ... wielding a +2 flail of holy wrath
              (11 damage)
             ... on level 4 of the Dungeon.
             The game lasted 00:01:29 (4059 turns).

qw the Shooter (Minotaur Hexslinger)                Turns: 4059, Time: 00:01:30

Health: -3/59      AC:  7    Str: 10    XL:     7   Next: 7%
Magic:  7/7        EV: 10    Int: 10    God:
Gold:   205        SH:  0    Dex: 15    Spells: 7/8 levels left

rFire   . . .        Y - +2 sling
rCold   + . .        (no shield)
rNeg    . . .        m - +2 ring mail {rC+}
rPois   .            (helmet restricted)
rElec   .            (no cloak)
rCorr   .            (no gloves)
SInv    .            (no boots)
Will    .....        (no amulet)
Stlth   +            (no ring)
HPRegen 0.29/turn    (no ring)
MPRegen 0.10/turn

%: no passive effects
@: no status effects
A: horns 2, retaliatory headbutt, weak 1, subdued magic 1
a: no special abilities


You were on level 4 of the Dungeon.
You visited 1 branch of the dungeon, and saw 4 of its levels.

You collected 205 gold pieces.


Innate Abilities, Weirdness & Mutations

You have a pair of horns on your head.
You reflexively headbutt those who attack you in melee.
You are weak. (Str -2)
Your spells are a little easier to cast, but a little less powerful.


   Skills:
 - Level 4.2 Fighting
 + Level 7.4 Ranged Weapons
 - Level 1.3 Armour
 - Level 2.1 Dodging
 - Level 1.0 Spellcasting
 - Level 2.0 Hexes


You had 7 spell levels left.
You knew the following spells:

 Your Spells              Type           Power      Damage    Failure   Level
a - Slow                  Hex            12%        N/A       32%         1

Your spell library contained the following spells:

 Spells                   Type           Power      Damage    Failure   Level
 Inner Flame              Hex/Fire       1%         N/A       83%         3
 Portal Projectile        Hex/Tloc       2%         N/A       83%         3
 Cause Fear               Hex            1%         N/A       98%         4

Inventory:

Hand Weapons
 Y - a +2 sling (weapon)
Armour
 m - a +2 ring mail of cold resistance (worn)
Scrolls
 d - a scroll of identify
Potions
 b - a potion of might
 h - a potion of mutation
 i - 2 potions of heal wounds {unknown}

Dungeon Overview and Level Annotations

Branches:
Dungeon (4/15)
 Temple: D:4-7

Altars:
Makhleb

Annotations:
D:4 Edmund


Message History

Enter note:
Enter note:
Enter note: You shoot a sling bullet.
The sling bullet barely misses Edmund.
Edmund shouts!
Edmund hits you with a +2 flail of holy wrath!
You shoot a sling bullet. The sling bullet hits Edmund.
Edmund is lightly wounded.
Edmund hits you with a +2 flail of holy wrath.
You shoot a sling bullet. The sling bullet barely misses Edmund.
Edmund hits you with a +2 flail of holy wrath.
You shoot a sling bullet. The sling bullet barely misses Edmund.
Edmund hits you but does no damage.
You shoot a sling bullet.
The sling bullet hits Edmund but does no damage.
Edmund is lightly wounded.
Edmund hits you with a +2 flail of holy wrath.
You shoot a sling bullet. The sling bullet hits Edmund!
Edmund is moderately wounded.
Edmund hits you with a +2 flail of holy wrath!
You shoot a sling bullet. The sling bullet hits Edmund.
Edmund is moderately wounded.
Edmund hits you with a +2 flail of holy wrath!
Edmund hits you with a +2 flail of holy wrath.
You shoot a sling bullet.
The sling bullet hits Edmund but does no damage.
Edmund is moderately wounded.
Edmund hits you with a +2 flail of holy wrath.
You shoot a sling bullet. The sling bullet hits Edmund.
Edmund is heavily wounded.
Edmund completely misses you.
You shoot a sling bullet. The sling bullet closely misses Edmund.
Edmund hits you with a +2 flail of holy wrath!
You shoot a sling bullet. The sling bullet hits Edmund.
Edmund is heavily wounded.
Edmund hits you with a +2 flail of holy wrath.
You shoot a sling bullet. The sling bullet hits Edmund.
Edmund is heavily wounded.
Edmund hits you with a +2 flail of holy wrath!
You die...

##### ....
###### #..#
#....#### ##...#
#.......####.@.#
#.......##..@#
..
#.......#..###
#. #.!.....'.##
##. ####....###
##.###......#
##.#...##...#
#....########
#....# ###..##.#


You could see Edmund.

Vanquished Creatures
  An ogre (D:4)
  A phantom (D:3)
  A bullfrog (D:4)
  A hound (D:4)
  2 orc priests
  An iguana (D:4)
  Terence (D:3)
  An orc wizard (D:3)
  5 adders
  3 dart slugs
  A worm (D:3)
  15 orcs
  3 ball pythons (D:1)
  6 bats
  8 endoplasms
  2 giant cockroaches
  6 goblins
  9 hobgoblins
  9 jackals
  13 kobolds
  3 quokkas
  2 frilled lizards
  4 rats
98 creatures vanquished.

Notes
Turn   | Place    | Note
-------+----------+-------------------------------------------
     0 | D:1      | qw the Minotaur Hexslinger began the quest for the Orb.
     0 | D:1      | Reached XP level 1. HP: 16/16 MP: 1/1
     0 | D:1      | 0 ||| qw: Version: 0.3-a-52-g30416fa
     0 | D:1      | 0 ||| qw: Game counter: 6675
     0 | D:1      | 0 ||| qw: Melee chars always use a shield: true
     0 | D:1      | 0 ||| qw: God list: Okawaru
     0 | D:1      | 0 ||| qw: Allow faded altars: false
     0 | D:1      | 0 ||| qw: Do Orc after clearing Dungeon:15 true
     0 | D:1      | 0 ||| qw: Do second Lair branch before Depths: true
     0 | D:1      | 0 ||| qw: Lair rune preference: random
     0 | D:1      | 0 ||| qw: Goals: Normal
     0 | D:1      | 0 ||| PLANNING D:1-11
   206 | D:1      | Reached skill level 3 in Ranged Weapons
   206 | D:1      | Reached XP level 2. HP: 23/23 MP: 2/2
   661 | D:1      | Reached XP level 3. HP: 29/29 MP: 3/3
   772 | D:1      | Reached skill level 4 in Ranged Weapons
  1098 | D:1      | 1098 ||| UPGRADING to +2 ring mail of cold resistance.
  1108 | D:1      | 1108 ||| DROPPING +0 robe.
  1109 | D:1      | 1109 ||| DROPPING +6 ring of intelligence.
  1110 | D:1      | 1110 ||| DROPPING ring of flight.
  1111 | D:1      | 1111 ||| READING scroll labelled HEORRI NIKKYEL.
  1112 | D:1      | 1112 ||| READING scroll labelled SOOKKO CUAPP.
  1113 | D:1      | 1113 ||| READING 2 scrolls labelled UCUIWKU GUFU.
  1118 | D:1      | 1118 ||| READING scroll labelled DUFROOH LITI.
  1219 | D:1      | 1219 ||| DRINKING 2 bubbling purple potions.
  1220 | D:1      | 1220 ||| DRINKING 2 smoky dark potions.
  1220 | D:1      | Gained mutation: Your spells are a little easier to cast,
                  | but a little less powerful. [potion of mutation]
  1220 | D:1      | Gained mutation: You are weak. (Str -2) [potion of
                  | mutation]
  1221 | D:1      | 1221 ||| DROPPING scroll of poison.
  1222 | D:1      | 1222 ||| DROPPING potion of attraction.
  1313 | D:2      | Reached skill level 1 in Armour
  1319 | D:2      | Found a burning altar of Makhleb.
  1593 | D:2      | Reached XP level 4. HP: 36/36 MP: 4/4
  1890 | D:2      | 1890 ||| READING scroll labelled DEBREH OT KIXKA.
  1891 | D:2      | 1891 ||| READING scroll labelled ZIMECZ NASOSCH.
  1892 | D:2      | 1892 ||| DRINKING 2 fizzy grey potions.
  1921 | D:3      | 1921 ||| STAIRDANCE
  1925 | D:2      | HP: 9/36 [orc/+0 hand axe (6)]
  1926 | D:2      | 1926 ||| READING scroll of teleportation.
  2191 | D:3      | Reached skill level 5 in Ranged Weapons
  2207 | D:3      | Noticed a phantom
  2221 | D:3      | Killed a phantom
  2222 | D:3      | Reached skill level 3 in Fighting
  2222 | D:3      | Reached XP level 5. HP: 33/46 MP: 5/5
  2575 | D:3      | 2575 ||| READING scroll labelled SYALOI KUIS.
  2615 | D:3      | Noticed Terence
  2624 | D:3      | Killed Terence
  2809 | D:3      | Found a faded altar of an unknown god.
  2830 | D:3      | 2830 ||| FLEEEEING.
  2831 | D:3      | 2831 ||| FLEEEEING.
  2832 | D:3      | 2832 ||| FLEEEEING.
  2833 | D:3      | 2833 ||| FLEEEEING.
  2834 | D:3      | 2834 ||| FLEEEEING.
  2835 | D:3      | 2835 ||| FLEEEEING.
  2836 | D:3      | 2836 ||| FLEEEEING.
  2837 | D:3      | 2837 ||| FLEEEEING.
  2838 | D:3      | 2838 ||| FLEEEEING.
  2841 | D:3      | 2841 ||| STAIRDANCE
  2914 | D:2      | 2914 ||| READING 3 scrolls labelled CASYET RANWIPP.
  2915 | D:2      | 2915 ||| READING 2 scrolls of identify.
  2915 | D:2      | 2915 ||| IDENTIFYING orange potion
  2916 | D:2      | 2916 ||| DROPPING potion of magic.
  2926 | D:3      | 2926 ||| STAIRDANCE
  2937 | D:2      | Reached skill level 6 in Ranged Weapons
  2937 | D:2      | Reached XP level 6. HP: 39/52 MP: 6/6
  3331 | D:4      | 3331 ||| FLEEEEING.
  3332 | D:4      | 3332 ||| FLEEEEING.
  3336 | D:4      | 3336 ||| STAIRDANCE
  3397 | D:4      | Noticed Edmund
  3406 | D:4      | HP: 13/52 [Edmund/+2 flail of holy wrath (8)]
  3407 | D:4      | 3407 ||| READING 2 scrolls of teleportation.
  3411 | D:4      | HP: 9/52 [bullfrog (3)]
  3412 | D:4      | 3412 ||| READING scroll of teleportation.
  3413 | D:4      | HP: 2/52 [bullfrog (3)]
  3635 | D:4      | Reached skill level 7 in Ranged Weapons
  3638 | D:4      | HP: 1/52 [ogre/+0 giant spiked club (17)]
  3643 | D:4      | Reached XP level 7. HP: 3/59 MP: 7/7
  4057 | D:4      | HP: 11/59 [Edmund/+2 flail of holy wrath (8)]
  4059 | D:4      | Slain by Edmund

Levels and vault maps discovered:
D:1:      minmay_arrival_floating_metal, layout_basic, minmay_quantized
D:2:      layout_loops_ring, basic_altar
D:3:      cheibrodos_pilgrimage, layout_loops_corners,
          hellmonk_ecumenical_altar_inner_sanctum, minmay_misc_feat_rows,
          grunt_decor_resistance, st_stairs_1, hangedman_decor_opposing,
          uniq_terence
D:4:      layout_basic, kennysheep_little_box, minmay_misc_feat_more_columns,
          wad_floor_pattern_untrapped, uniq_edmund

Skill      XL: |  1  2  3  4  5  6 |
---------------+-------------------+-----
Ranged Weapons | 3 4 5 6 7 |  7.4
Fighting       | 2 3 4 |  4.2
Armour         | 1 |  1.3
Dodging        | |  2.1
Spellcasting   | |  1.0
Hexes          | |  2.0

Action                     |  1- 3 |  4- 6 |  7- 9 || total
---------------------------+-------+-------+-------++-------
   Fire: Sling             |   136 |   213 |    16 ||   365
    Use: Scroll            |     4 |     8 |       ||    12
         Potion            |     2 |     1 |       ||     3
 Armour: Robe              |     9 |       |       ||     9
         Ring mail         |     9 |    45 |     1 ||    55
  Dodge: Dodged            |    51 |    73 |     3 ||   127

Table legend:
 A = Non-vault XP
 B = Vault XP
 C = Vault XP percentage of total XP
 D = Non-vault monster count
 E = Vault monster count
 F = Vault count percentage of total count
                 A         B        C        D         E       F
            +---------+---------+-------+---------+---------+-------
      Total |     671 |     117 |  14.8 |      84 |      14 |  14.3
            +---------+---------+-------+---------+---------+-------
        D:1 |      59 |       7 |  10.6 |      30 |       4 |  11.8
        D:2 |      60 |      47 |  43.9 |      22 |       3 |  12.0
        D:3 |     181 |      63 |  25.8 |      15 |       7 |  31.8
        D:4 |     371 |       0 |   0.0 |      17 |       0 |   0.0
            +---------+---------+-------+---------+---------+-------
